 Dungeon Crawl Stone Soup version 0.15-a0-1995-g7e6aeab (webtiles) character file.

273 N00bl0rd the Vexing (level 6, 0/34 HPs)
             Began as a Kobold Arcane Marksman on July 11, 2014.
             Killed by divine providence
             ... invoked by an orc priest
              (15 damage)
             ... on Level 3 of the Dungeon.
             The game lasted 00:26:03 (5136 turns).

N00bl0rd the Vexing (Kobold Arcane Marksman)        Turns: 5136, Time: 00:26:03

HP   0/34        AC  8     Str 17      XL: 6   Next: 48%
MP  10/10        EV 14     Int 11      God:
Gold 83          SH  0     Dex 15      Spells:  3 memorised,  3 levels left

rFire  . . .     SeeInvis .     l - +2 dagger (drain)
rCold  . . .     Clarity  .     a - +0 robe
rNeg   . . .     rCorr    .     (no shield)
rPois  .         rRot     .     h - +1 helmet
rElec  .         Spirit   .     y - +1 cloak
SustAb .         Warding  .     u - +1 pair of gloves
rMut   .         Stasis   .     (no boots)
Gourm  .                        (no amulet)
MR     .....                    g - +2 ring of strength
                                e - +3 ring of strength

@: heavily drained, not resistant to hostile enchantments, very unstealthy
A: carnivore 3
a: no special abilities


You were on level 3 of the Dungeon.
You were very full.

You visited 1 branch of the dungeon, and saw 4 of its levels.

You collected 83 gold pieces.

Inventory:

Hand weapons
 b - a +1 crossbow
 k - a +0 dagger
 l - a +2 dagger of draining (weapon)
 t - a +0 cutlass of speed
Missiles
 c - 61 bolts
Armour
 a - a +0 robe (worn)
 h - a +1 helmet (worn)
 u - a +1 pair of gloves (worn)
 y - a +1 cloak (worn)
Magical devices
 p - a wand of random effects (11)
Comestibles
 f - 2 meat rations
 s - a royal jelly
Scrolls
 i - a scroll of blinking {unknown}
 j - 5 scrolls of remove curse {unknown}
 v - a scroll of noise {unknown}
Jewellery
 e - a +3 ring of strength (left hand)
 g - a +2 ring of strength (right hand)
 m - an uncursed ring of ice {unknown}
 o - an uncursed ring of flight {unknown}
 w - an uncursed amulet of faith
Potions
 n - a potion of magic {unknown}
 q - a potion of berserk rage {unknown}
 r - a potion of might
 x - a potion of agility
Books
 d - a book of Debilitation

   Spells                             Type                      Level
   *Corona                            Hexes                        1
   *Slow                              Hexes                        2
   *Inner Flame                       Hexes/Fire                   3
   Enslavement                        Hexes                        4
   Cause Fear                         Hexes                        4
   Leda's Liquefaction                Hexes/Earth                  4


   Skills:
 + Level 1.2(0.0) Fighting
 + Level 0.0 Short Blades
 * Level 4.8(2.7) Crossbows
 + Level 2.8(0.9) Dodging
 + Level 2.1(0.2) Spellcasting
 * Level 5.1(2.9) Hexes


You had 3 spell levels left.
You knew the following spells:

 Your Spells              Type           Power        Failure   Level  Hunger
a - Corona                Hex            #......      12%         1    ##.....
b - Slow                  Hex            #.......     17%         2    ###....
c - Inner Flame           Hex/Fire       #.......     61%         3    ####...


Dungeon Overview and Level Annotations

Branches:
Dungeon (4/15)
 Temple: D:4-7

Altars:
Gozag
Qazlal
Vehumet
The Shining One


Innate Abilities, Weirdness & Mutations

You are small and have problems with some larger weapons.
You are carnivorous and can eat meat at any time.


Message History

The bat closely misses you. The bat misses you. The bat barely misses you.
The bat hits you. The bat misses you.
You closely miss the bat. The bat hits you but does no damage.
The bat barely misses you. The bat hits you. The orc misses you.
You hit the bat.
You kill the bat!
The orc misses you.
The orc priest calls down the wrath of Beogh upon you.
Something smites you!
Ouch! That really hurt!
The orc priest looks braver.
The orc priest mumbles some strange prayers to Beogh.
You feel troubled.
The orc priest's eyes start to glow.
There is a stone staircase leading down here.
The orc priest calls down the wrath of Beogh upon you.
Something smites you!
You die...

#.# #.......# #.# #o# ###.......#
#.# #.# #.......### ####.# #.#
#.####..### #(...#
##o###.####....# #.############
#....o.........# #.# #.......#
##.###.#####...# #.####.#####.#
### #.........####%...........#
#### ###.####..@.......#..#.....
...# #o#####o#.#####......##.#
##.# #.##...o#.# #.........# #.#
#.#.>.#.#.# #).<..###.# #.#
#.#...#.#.# #.........# ##.#
#.o.>...#.#####.....##### ...####
###...###....o......# ......#
#...# ####........#####
.#.##.#####...######.###.#.###...


You could see an orc priest and 2 orcs.

Vanquished Creatures
  Eustachio (D:4)
  A hound (D:2)
  Ijyb (D:2)
  Terence (D:2)
  An adder (D:2)
  A giant mite (D:2)
  2 worms
  An adder zombie (D:2)
  4 giant geckos
  2 oozes
  4 orcs (D:4)
  5 bats
  3 giant cockroaches (D:1)
  11 goblins
  7 hobgoblins
  2 jackals (D:2)
  2 quokkas (D:2)
  2 ball pythons
  9 giant newts
  A goblin skeleton (D:4)
  A goblin zombie (D:4)
  2 hobgoblin zombies (D:4)
  5 kobolds
  4 kobold skeletons (D:4)
  A kobold zombie (D:4)
  2 orc skeletons (D:4)
  2 orc zombies (D:4)
  10 rats
88 creatures vanquished.

Notes
Turn   | Place    | Note
--------------------------------------------------------------
     0 | D:1      | N00bl0rd, the Kobold Arcane Marksman, began the quest for the Orb.
     0 | D:1      | Reached XP level 1. HP: 12/12 MP: 2/2
   130 | D:1      | Reached XP level 2. HP: 16/16 MP: 1/3
   134 | D:1      | Learned a level 2 spell: Slow
   849 | D:1      | Reached XP level 3. HP: 20/20 MP: 4/4
  1267 | D:2      | Found a radiant altar of Vehumet.
  1268 | D:2      | Found an opulent altar of Gozag.
  1654 | D:2      | Reached XP level 4. HP: 11/25 MP: 4/6
  1656 | D:2      | Reached skill level 4 in Hexes
  2042 | D:2      | Noticed Ijyb
  2076 | D:2      | HP: 1/25 [Ijyb/dagger of draining (1)]
  2079 | D:2      | Killed Ijyb
  2079 | D:2      | Reached XP level 5. HP: 1/29 MP: 7/7
  2518 | D:2      | Found a stormy altar of Qazlal.
  2646 | D:2      | Noticed Terence
  2668 | D:2      | Killed Terence
  3588 | D:4      | Noticed Eustachio
  3918 | D:4      | Killed Eustachio
  3918 | D:4      | Reached skill level 5 in Hexes
  3918 | D:4      | Reached XP level 6. HP: 23/34 MP: 7/10
  4058 | D:4      | Found a glowing golden altar of the Shining One.
  4180 | D:4      | Learned a level 3 spell: Inner Flame
  5136 | D:3      | Killed from afar by an orc priest

Action                   |  1- 3 |  4- 6 || total
-------------------------+-------+-------++-------
Melee: Dagger            |    25 |   555 ||   580
       Crossbow          |     1 |       ||     1
 Fire: Crossbow          |    56 |    35 ||    91
 Cast: Corona            |    12 |    15 ||    27
       Slow              |       |     4 ||     4
Evoke: Wand              |       |     1 ||     1
  Use: Scroll            |     1 |     4 ||     5
       Potion            |     1 |     2 ||     3
 Stab: Sleeping          |     1 |     1 ||     2
  Eat: Chunk             |    10 |    13 ||    23
